Map: [ESL] Hard Lead

Players

Serral - Winner!

  • Race: Zerg Zerg
  • Spawn Location: 11:00

Elazer

  • Race: Zerg Zerg
  • Spawn Location: 5:00

Event: ESL SC2 Masters 2023 Winter (Regional)

VOD

Have the link to the VOD?

Description

Time

  • Played on: Nov. 12, 2023, 9:12 a.m.
  • Length: 11:06

All games in this series

Show
View Real Time Build Order
Export as new Build Order

Serral Zerg - Winner!

Build Orders: Hatch First 

Get SALT Encoding   

  12  0:00  Drone  
  13  0:12  Overlord  
  13  0:17  Drone  
  14  0:30  Drone x2  
  16  0:48  Hatchery  
  15  0:51  Drone  
  15  0:54  Drone  
  17  0:58  Drone  
  18  1:08  Extractor  
  17  1:13  Spawning Pool  
  17  1:16  Drone  
  17  1:19  Drone  
  18  1:27  Drone  
  19  1:38  Drone  
  20  1:48  Drone  
  21  1:59  Queen  
  21  2:00  Queen  
  21  2:01  Zergling x2, Overlord  
  26  2:09  Metabolic Boost  
  26  2:10  Drone x2  
  28  2:21  Zergling x2  
  28  2:22  Drone  
  30  2:33  Hatchery  
  30  2:34  Drone  
  30  2:37  Drone  
  30  2:42  Drone  
  32  2:47  Baneling Nest  
  32  2:50  Overlord  
  31  2:53  Drone  
  31  2:55  Zergling x2  
  33  3:05  Drone x2  
  35  3:08  Zergling x8  
  35  3:11  Zergling x2  
  41  3:12  Zergling x2  
  40  3:21  Queen  
  40  3:24  Zergling x2  
  40  3:25  Zergling x2  
  43  3:30  Baneling x2  
  43  3:36  Overlord  
  43  3:42  Zergling x2  
  45  3:49  Drone x2  
  45  3:50  Drone  
  45  3:52  Roach Warren  
  45  3:55  Drone x4  
  49  4:01  Overlord  
  49  4:04  Drone x3  
  49  4:09  Overlord  
  52  4:11  Zergling x2  
  52  4:17  Zergling x6  
  51  4:25  Zergling x8  
  51  4:31  Queen  
  51  4:33  Baneling x2  
  51  4:34  Roach  
  55  4:39  Drone x3  
  58  4:46  Roach x2  
  58  4:52  Overlord  
  62  4:53  Evolution Chamber  
  62  4:55  Drone x3  
  62  4:58  Extractor  
  62  4:59  Drone  
  65  5:00  Drone  
  65  5:04  Overlord  
  65  5:09  Drone x5  
  65  5:13  Lair  
  70  5:20  Drone x3, Extractor  
  71  5:24  Zerg Missile Weapons Level 1  
  71  5:27  Drone x2  
  73  5:32  Overlord  
  73  5:34  Drone x2  
  73  5:35  Drone x2  
  75  5:43  Drone  
  75  5:44  Drone x4  
  75  5:47  Extractor  
  79  5:50  Overlord  
  79  5:51  Drone x2  
  79  5:54  Overlord  
  81  5:58  Drone  
  81  6:03  Drone x4  
  86  6:04  Drone x2  
  86  6:06  Pneumatized Carapace  
  86  6:07  Drone  
  86  6:08  Drone  
  86  6:09  Baneling  
  86  6:10  Extractor x2, Baneling  
  87  6:12  Glial Reconstitution  
  87  6:13  Roach x2  
  87  6:16  Overseer  
  91  6:19  Overlord  
  91  6:20  Roach  
  91  6:21  Roach  
  91  6:25  Overlord  
  95  6:31  Roach, Overlord  
  95  6:32  Roach x3  
  103  6:35  Roach x2  
  106  6:41  Roach x4  
  106  6:46  Overlord  
  118  6:54  Roach x4  
  118  6:55  Roach  
  118  6:59  Drone  
  124  7:03  Overlord  
  124  7:08  Overlord  
  124  7:09  Hatchery  
  124  7:11  Roach x4  
  131  7:20  Roach x5  
  140  7:28  Queen  
  138  7:30  Drone  
  138  7:34  Roach x5  
  148  7:41  Roach x3  
  149  7:45  Roach x2  
  153  7:51  Roach x2  
  153  7:57  Roach  
  153  7:58  Roach x2  
  158  8:05  Zerg Missile Weapons Level 2  
  140  8:10  Roach x8  
  139  8:14  Queen  
  139  8:19  Roach  
  139  8:21  Burrow  
  139  8:25  Roach  
  139  8:26  Roach  
  141  8:32  Ravager x4  
  141  8:33  Roach x3, Hatchery  
  150  8:42  Roach x5  
  150  8:46  Tunneling Claws  
  160  8:50  Overlord  
  160  8:51  Overlord  
  160  8:54  Overlord  
  160  9:04  Roach  
  160  9:07  Overlord x2  
  162  9:11  Roach x6  
  174  9:18  Ravager x2  
  174  9:19  Drone x2  
  174  9:20  Drone  
  174  9:23  Ravager x2  
  181  9:26  Roach  
  181  9:28  Roach x2  
  187  9:31  Overseer  
  187  9:36  Roach x6  
  199  10:05  Infestation Pit  
  198  10:20  Roach x4  
  198  10:25  Roach x3  
  198  10:26  Roach x6  
  186  10:29  Roach x7  
  194  10:37  Roach x3  
  194  10:41  Extractor  
  193  10:46  Drone x3  
  193  10:49  Hatchery  
Show
View Real Time Build Order
Export as new Build Order

Elazer Zerg 

Build Orders: Hatch First 

Get SALT Encoding   

  12  0:00  Drone  
  13  0:11  Overlord  
  13  0:16  Drone  
  14  0:30  Drone x2  
  16  0:47  Hatchery  
  15  0:50  Drone  
  15  0:54  Drone  
  17  0:57  Drone  
  17  0:59  Extractor  
  17  1:13  Spawning Pool  
  17  1:16  Drone  
  17  1:20  Drone  
  18  1:27  Drone  
  19  1:37  Drone  
  20  1:48  Drone  
  21  1:59  Queen x2  
  21  2:00  Metabolic Boost  
  25  2:01  Zergling x2  
  25  2:07  Overlord  
  26  2:12  Drone x2  
  28  2:26  Zergling x2, Drone  
  30  2:34  Hatchery  
  30  2:36  Drone  
  30  2:38  Drone  
  30  2:42  Overlord  
  31  2:49  Zergling x2  
  32  2:54  Zergling x4  
  34  3:05  Zergling x4  
  36  3:08  Zergling x12  
  42  3:23  Queen, Overlord  
  43  3:40  Drone x2  
  44  3:42  Drone x5, Roach Warren  
  44  3:47  Zergling x6  
  50  3:55  Overlord  
  50  3:56  Zergling x4  
  50  3:57  Zergling x2  
  53  4:04  Drone  
  57  4:10  Drone x3  
  57  4:14  Overlord  
  57  4:23  Roach x5  
  63  4:27  Extractor  
  63  4:28  Drone  
  59  4:33  Drone  
  59  4:37  Drone x4  
  59  4:38  Extractor  
  63  4:39  Drone x2  
  63  4:44  Drone x2  
  67  4:47  Drone x2  
  67  4:51  Drone  
  70  4:56  Drone x3  
  73  5:03  Lair, Overlord  
  73  5:06  Extractor  
  72  5:08  Drone  
  72  5:12  Evolution Chamber, Overlord  
  72  5:15  Drone  
  72  5:20  Overlord  
  73  5:23  Roach x4  
  81  5:29  Overlord  
  81  5:31  Drone x6  
  81  5:33  Drone  
  88  5:39  Drone x4  
  88  5:40  Drone  
  93  5:43  Zerg Missile Weapons Level 1  
  93  5:45  Drone x2  
  93  5:49  Drone x3  
  98  5:54  Pneumatized Carapace, Overlord  
  98  5:58  Extractor  
  98  5:59  Extractor  
  98  6:02  Glial Reconstitution  
  96  6:04  Roach x3  
  96  6:07  Overlord  
  96  6:09  Roach x2  
  105  6:12  Drone x2  
  105  6:13  Drone  
  105  6:16  Roach x2  
  112  6:23  Roach  
  112  6:25  Overlord  
  114  6:31  Roach x4  
  122  6:39  Roach x2  
  122  6:44  Overlord x2  
  122  6:46  Drone x2  
  124  6:47  Drone  
  124  6:48  Drone  
  124  6:51  Roach  
  128  6:54  Drone  
  128  6:56  Hatchery  
  128  6:57  Evolution Chamber  
  128  6:59  Roach  
  129  7:01  Overlord  
  129  7:02  Overlord  
  129  7:03  Overlord  
  129  7:05  Roach x3, Ravager  
  129  7:06  Ravager x2  
  129  7:07  Ravager x2  
  140  7:16  Roach  
  140  7:17  Roach x2  
  140  7:19  Overlord x2  
  145  7:30  Roach  
  145  7:31  Roach x4  
  155  7:44  Roach x9  
  173  7:49  Queen  
  168  7:54  Roach x3  
  148  8:08  Roach x3  
  148  8:12  Queen  
  129  8:14  Roach  
  129  8:15  Roach x3  
  118  8:21  Roach x7  
  128  8:28  Roach  
  128  8:29  Roach x2  
  133  8:37  Ravager  
  133  8:38  Drone, Ravager x5  
  133  8:39  Drone x4  
  133  8:40  Drone x2  
  146  8:41  Drone  
  146  8:44  Zerg Missile Weapons Level 2  
  147  8:52  Roach x2  
  153  8:55  Roach  
  153  9:01  Drone x2  
  155  9:03  Roach x3  
  161  9:10  Overseer, Zerg Ground Armor Level 1  
  161  9:13  Roach x3  
  167  9:20  Overlord  
  167  9:21  Overlord  
  167  9:22  Roach x4  
  177  9:24  Roach  
  177  9:29  Extractor, Roach x3  
  184  9:31  Roach  
  184  9:46  Roach x8  
  184  9:52  Hydralisk Den  
  199  10:06  Ravager  
  200  10:10  Overseer  
  199  10:14  Queen  
  185  10:24  Roach x14  
  185  10:25  Roach x3  
  169  10:29  Roach x2  
  158  10:40  Roach x7  
Tags
 
Add a new tag
Caveats
  • Supply blocks, unpowered buildings, or Contaminate may cause inaccurate times.
  • Supply counts are checked every 10 seconds.